 Dungeon Crawl Stone Soup version 0.30.0-29-ga12c61a403 (webtiles) character file.

Game seed: 12228300085444805500

1809 ChadusMaximus the Summoner (level 9, -11/52 (57) HPs)
             Began as a Human Summoner on June 3, 2023.
             Was a Follower of Sif Muna.
             Killed from afar by Maggie (34 damage)
             ... with a bolt of fire
             ... on level 7 of the Dungeon.
             The game lasted 00:14:58 (7340 turns).

ChadusMaximus the Summoner (Human Summoner)         Turns: 7340, Time: 00:14:58

HP:   -11/52 (57)   AC:  7    Str:  8    XL:     9   Next: 31%
MP:   2/18          EV: 12    Int: 20    God:    Sif Muna [*.....]
Gold: 328           SH:  0    Dex: 14    Spells: 6/20 levels left

rFire   . . .        n - +0 spear (heavy)
rCold   . . .        (no shield)
rNeg    . . .        a - +0 robe
rPois   +            r - +2 helmet
rElec   .            C - +1 cloak
rCorr   +            (no gloves)
SInv    .            v - -1 pair of boots of Inference {rPois rCorr}
Will    .....        (no amulet)
Stlth   ++           (no ring)
HPRegen 0.28/turn    (no ring)
MPRegen 0.16/turn

%: no passive effects
@: mesmerised, drained
A: no striking features
a: Renounce Religion, Channel Magic


You were on level 7 of the Dungeon.
You worshipped Sif Muna.
Sif Muna was aware of your devotion.
You visited 2 branches of the dungeon, and saw 8 of its levels.

You collected 328 gold pieces.

Inventory:

Hand Weapons
 e - a +0 club
 n - a +0 heavy spear (weapon)
Armour
 a - a +0 robe (worn)
 r - a +2 helmet (worn)
 v - the -1 pair of boots of Inference (worn) {rPois rCorr}
   (You found it on level 5 of the Dungeon)

   rPois:     It protects you from poison.
   rCorr:     It protects you from acid and corrosion.
 C - a +1 cloak (worn)
Jewellery
 z - an amulet of reflection
Wands
 t - a wand of mindburst (5)
Scrolls
 d - 4 scrolls of teleportation {unknown}
 k - a scroll of fog
 l - a scroll of enchant weapon
 o - a scroll of brand weapon {unknown}
 p - a scroll of immolation {unknown}
 s - 2 scrolls of poison {unknown}
 w - a scroll of noise {unknown}
 x - a scroll of amnesia {unknown}
 y - a scroll of blinking {unknown}
 A - a scroll of fear
Potions
 b - 2 potions of magic
 c - 2 potions of heal wounds
 f - 2 potions of cancellation {unknown}
 g - a potion of berserk rage {unknown}
 i - 2 potions of haste {unknown}
 j - a potion of invisibility {unknown}
 m - a potion of brilliance {unknown}
 q - 2 potions of mutation {unknown}
 u - 3 potions of lignification {unknown}


   Skills:
 - Level 2.2 Dodging
 - Level 2.2 Stealth
 + Level 6.3 Spellcasting
 * Level 10.2 Summonings


You had 6 spell levels left.
You knew the following spells:

 Your Spells              Type           Power      Damage    Failure   Level
a - Summon Small Mammal   Summ           100%       N/A       1%          1
b - Call Canine Familiar  Summ           47%        N/A       1%          3
c - Call Imp              Summ           94%        N/A       1%          2
d - Summon Lightning Spi  Summ/Air       26%        N/A       12%         4
e - Summon Ice Beast      Ice/Summ       26%        N/A       12%         4

Your spell library contained the following spells:

 Spells                   Type           Power      Damage    Failure   Level
 Summon Guardian Golem    Hex/Summ       26%        N/A       3%          3
 Apportation              Tloc           12%        N/A       11%         1
 Necrotise                Necr           24%        1d5       11%         1
 Frozen Ramparts          Ice            12%        1d2       30%         3
 Portal Projectile        Hex/Tloc       12%        N/A       30%         3
 Tukima's Dance           Hex            6%         N/A       30%         3
 Vhi's Electric Charge    Tloc/Air       12%        N/A       30%         3
 Ice Form                 Ice/Tmut       6%         N/A       71%         4
 Arcjolt                  Conj/Air       3%         1d13      96%         5
 Blade Hands              Tmut           3%         N/A       96%         5
 Maxwell's Capacitive Co  Air            3%         ∞         100%        8


Dungeon Overview and Level Annotations

Branches:
Dungeon (7/15)             Temple (1/1) D:5

Altars:
Ashenzari
Cheibriados
Elyvilon
Fedhas
Gozag
Kikubaaqudgha
Makhleb
Nemelex Xobeh
Okawaru
Qazlal
Ru
Sif Muna
Trog
Wu Jian
Xom
Yredelemnul
Zin
The Shining One

Annotations:
D:3 2 transporters, raetorn's ghost, amateur DjFE
D:7 Maggie


Message History

You reach to attack!
You hit Maggie but do no damage.
Maggie is severely wounded.
Your hound barely misses Maggie.
Maggie closely misses your hound.
Your hound bites Maggie but does no damage.
Maggie hits your hound with a +2 long sword of draining!
Your hound dies!
Your hound's corpse disappears in a puff of smoke!
Casting: Call Imp (safe; 1% risk of failure)
Confirm with . or Enter, or press ? or * to list all spells.
The iguana hisses menacingly.
Maggie hits your wolf with a +2 long sword of draining.
Maggie drains your wolf.
Unknown command.
You could not reach far enough!
Your wolf bites Maggie but does no damage.
Maggie gestures at you while chanting. The bolt of fire hits your wolf.
The bolt of fire hits you!
Your wolf bites Maggie!
Maggie misses your wolf.
Unknown command.
You are too injured to fight recklessly!
Unknown command.
You are too injured to fight recklessly!
You are too injured to fight recklessly!
Unknown command.
You are too injured to fight recklessly!
Unknown command.
You are too injured to fight recklessly!
Your wolf bites Maggie.
Your wolf bites Maggie but does no damage.
Maggie casts a spell at your wolf. The bolt of fire hits your wolf!
The bolt of fire misses you.
Your wolf closely misses Maggie.
Your wolf bites Maggie but does no damage.
Maggie gestures at your wolf while chanting.
The bolt of fire hits your wolf!!
Your wolf dies!
Your wolf's corpse disappears in a puff of smoke!
The bolt of fire hits you!!
Ouch! That really hurt!
You die...

#<# #.#
#.# #.#
#.# #)#
#.#.#
#.#.#
#@#.#
#§#.#
#@#.#
####l#.#
#...W#.#
#......#
#...†#.#
#...##.#
#......#


You could see Maggie (mesmerising, unaware), a phantom and an iguana.

Vanquished Creatures
  A sky beast (D:6)
  A scorpion (Temple)
  Dowan (D:4)
  A jelly (D:6)
  An iguana (D:5)
  Ijyb (D:3)
  A sleepcap (D:5)
  Robin (D:3)
  6 adders
  A worm (D:2)
  2 orcs
  8 bats
  An endoplasm (D:4)
  2 giant cockroaches
  4 goblins
  4 hobgoblins
  A kobold (D:4)
  3 quokkas
  3 ball pythons
  A frilled lizard (D:3)
44 creatures vanquished.

Vanquished Creatures (collateral kills)
  Grinder (D:3)
  A steam dragon (D:6)
  Edmund (D:4)
  Duvessa (D:4)
  2 water moccasins
  An ogre (D:5)
  A phantom (D:6)
  Blork the orc (D:4)
  2 scorpions
  A howler monkey (D:5)
  A hound (Temple)
  A gnoll bouda (D:6)
  3 jellies (D:6)
  An iguana (D:5)
  4 gnolls (D:6)
  An adder (D:2)
  A nameless horror (D:3)
  2 worms
  4 dart slugs
  3 orcs
  A ball python (D:1)
  2 endoplasms
  3 goblins
  3 hobgoblins
  4 kobolds
  2 quokkas
  4 bats
  A frilled lizard (D:1)
  2 rats
55 creatures vanquished.

Grand Total: 99 creatures vanquished

Notes
Turn   | Place    | Note
-------+----------+-------------------------------------------
     0 | D:1      | ChadusMaximus the Human Summoner began the quest for the
                  | Orb.
     0 | D:1      | Reached XP level 1. HP: 13/13 MP: 3/3
   498 | D:1      | Reached XP level 2. HP: 13/19 MP: 5/5
  1040 | D:2      | Reached XP level 3. HP: 23/24 MP: 3/6
  1261 | D:2      | Learned a level 3 spell: Call Canine Familiar
  1264 | D:2      | Learned a level 2 spell: Call Imp
  1446 | D:2      | Reached XP level 4. HP: 30/30 MP: 2/7
  1509 | D:2      | Found a faded altar of an unknown god.
  1802 | D:3      | Noticed Robin
  1857 | D:3      | Noticed a water moccasin
  2056 | D:3      | Found a transporter.
  2242 | D:3      | Reached skill level 5 in Summonings
  2408 | D:3      | Killed Robin
  2509 | D:3      | Noticed Grinder
  2536 | D:3      | Identified the +2 spear of Vusot {elec, rElec rPois Dex-3}
  2572 | D:3      | Killed Grinder
  2573 | D:3      | Reached skill level 6 in Summonings
  2573 | D:3      | Reached XP level 5. HP: 30/35 MP: 2/10
  2573 | D:3      | Reached XP level 6. HP: 35/41 MP: 2/11
  2820 | D:3      | Killed a water moccasin
  2821 | D:3      | Reached XP level 7. HP: 17/46 MP: 7/12
  3063 | D:3      | Found a transporter.
  3073 | D:3      | Noticed Ijyb
  3090 | D:3      | Killed Ijyb
  3261 | D:3      | Noticed raetorn's ghost (amateur DjFE)
  3378 | D:3      | You fall into a shaft and drop 2 floors!
  3378 | D:5      | Entered Level 5 of the Dungeon
  3417 | D:5      | Found a staircase to the Ecumenical Temple.
  3441 | D:5      | Reached skill level 7 in Summonings
  3530 | Temple   | Entered the Ecumenical Temple
  3656 | Temple   | Became a worshipper of Sif Muna the Loreminder
  3902 | Temple   | Learned a level 4 spell: Summon Lightning Spire
  4053 | D:5      | Reached XP level 8. HP: 52/52 MP: 7/15
  4075 | D:5      | Reached skill level 8 in Summonings
  4251 | D:5      | Identified the -1 pair of boots of Inference {rPois rCorr}
  4625 | D:4      | Noticed Edmund
  4633 | D:4      | Killed Edmund
  4634 | D:4      | Reached skill level 5 in Spellcasting
  4770 | D:4      | Found an ornate altar of the Wu Jian Council.
  4874 | D:4      | Noticed Duvessa
  4874 | D:4      | Noticed Dowan
  5045 | D:4      | Killed Duvessa
  5053 | D:4      | Killed Dowan
  5226 | D:4      | Noticed Blork the orc
  5235 | D:4      | Killed Blork the orc
  5236 | D:4      | Reached skill level 9 in Summonings
  5415 | D:6      | Reached * piety under Sif Muna
  5779 | D:6      | Reached XP level 9. HP: 53/57 MP: 15/17
  5784 | D:6      | Learned a level 4 spell: Summon Ice Beast
  6142 | D:6      | Reached skill level 10 in Summonings
  6816 | D:6      | Found a snail-covered altar of Cheibriados.
  6977 | D:6      | Found a bloodstained altar of Trog.
  6986 | D:6      | Found a burning altar of Makhleb.
  7309 | D:7      | Noticed Maggie
  7329 | D:7      | Paralysed by Maggie for 2 turns
  7340 | D:7      | Killed from afar by Maggie

Illustrated notes

Levels and vault maps discovered:
D:1:      elethiomel_arrival_infinity_welcomes_careful_drivers,
          layout_loops_ring
D:2:      layout_rooms, ebering_ecumenical_altar_box
D:3:      layout_loops_ring, gammafunk_ghost_gnarly_gnolls,
          minmay_crystal_water, reono_crystal_passage, uniq_ijyb, uniq_grinder,
          uniq_robin
D:4:      layout_gridville, nzn_wu_jian_council_hall, uniq_duvessa, uniq_edmund,
          uniq_blork_the_orc
D:5:      layout_rooms, minmay_temple_entry_statues
D:6:      dreamdust_elfheim, layout_layer_cave, nicolae_overflow_crystal_walls,
          mainiacjoe_overflow_swirl
D:7:      layout_basic, serial_curves, eino_curves_04, eino_curves_04,
          uniq_prince_ribbit1, uniq_menkaure, uniq_maggie
Temple:   nicolae_temple_bog_church

Skill      XL: |  1  2  3  4  5  6  7  8  9 |
---------------+----------------------------+-----
Summonings     | 6 7 9 10 | 10.2
Spellcasting   | 3 4 5 6 |  6.3
Dodging        | |  2.2
Stealth        | |  2.2

Action                     |  1- 3 |  4- 6 |  7- 9 || total
---------------------------+-------+-------+-------++-------
  Melee: Unarmed           |    12 |       |       ||    12
         Club              |    64 |    31 |       ||    95
         Spear             |       |    47 |   114 ||   161
         Punch             |       |     1 |     2 ||     3
   Cast: Summon Small Mamm |    30 |     8 |    35 ||    73
         Call Imp          |     3 |     9 |    21 ||    33
         Call Canine Famil |     1 |    10 |    30 ||    41
         Summon Lightning  |       |       |     3 ||     3
         Summon Ice Beast  |       |       |     2 ||     2
    Use: Scroll            |       |       |     5 ||     5
         Potion            |       |       |     2 ||     2
   Stab: Sleeping          |     2 |     1 |     2 ||     5
         Distracted        |       |     1 |     4 ||     5
 Armour: Robe              |    36 |    36 |    47 ||   119
  Dodge: Dodged            |    81 |    69 |    96 ||   246
